Map: Emerald City LE

Players

warclerk - Winner!

  • Race: Terran Terran
  • League: Silver
  • Spawn Location: 5:00

Fondue - Winner!

  • Race: Zerg Zerg
  • League: Diamond
  • Spawn Location: 5:00

Massa

  • Race: Terran Terran
  • League: Platinum
  • Spawn Location: 11:00

qqq

  • Race: Zerg Zerg
  • League: Platinum
  • Spawn Location: 11:00

VOD

Have the link to the VOD?

Description

Time

  • Played on: Sept. 29, 2020, 3:48 p.m.
  • Length: 3:59
Show
View Real Time Build Order
Export as new Build Order

warclerk Terran - Winner!

Build Orders:  

Get SALT Encoding   

  12  0:00  SCV  
  13  0:13  SCV  
  14  0:24  Supply Depot  
  14  0:25  SCV  
  15  0:37  Refinery  
  15  0:46  SCV  
  15  0:49  Barracks  
  16  0:58  SCV  
  17  1:10  SCV  
  18  1:22  SCV  
  19  1:39  Barracks Reactor  
  19  1:40  Orbital Command  
  19  1:48  Command Center  
  19  2:06  SCV  
  20  2:11  Factory  
  20  2:25  Marine x2  
  20  2:53  Marine x2  
  20  2:57  Hellion  
  21  3:11  Marine x2  
  19  3:29  Marine x2  
Show
View Real Time Build Order
Export as new Build Order

Fondue Zerg - Winner!

Build Orders: Hatch First 

Get SALT Encoding   

  12  0:08  Drone x2  
  14  0:16  Overlord  
  14  0:36  Drone x2  
  16  0:51  Hatchery  
  16  0:54  Drone  
  16  0:57  Drone  
  17  1:08  Extractor  
  16  1:14  Spawning Pool  
  16  1:18  Drone  
  16  1:21  Drone  
  17  1:28  Drone  
  18  1:43  Drone  
  19  1:49  Overlord  
  19  2:02  Drone  
  19  2:03  Queen x2  
  19  2:06  Drone  
  25  2:12  Metabolic Boost  
  25  2:17  Zergling x2  
  25  2:19  Zergling x2  
  25  2:22  Zergling x2  
  28  2:29  Zergling x4  
  30  2:40  Zergling x4  
  28  2:51  Zergling x2  
  24  3:08  Zergling x8  
  27  3:17  Queen  
  28  3:44  Drone  
  28  3:45  Drone x2  
Show
View Real Time Build Order
Export as new Build Order

Massa Terran 

Build Orders:  

Get SALT Encoding   

  12  0:00  SCV  
  13  0:12  SCV  
  14  0:22  Supply Depot  
  14  0:24  SCV  
  15  0:35  Refinery  
  15  0:45  Barracks  
  15  0:48  SCV  
  16  1:01  Barracks  
  16  1:16  Barracks  
  16  1:17  SCV  
  17  1:29  SCV  
  18  1:34  Supply Depot  
  18  1:35  Reaper  
  19  1:49  Reaper  
  20  1:55  Orbital Command  
  21  2:08  Reaper  
  21  2:09  Marine  
  22  2:21  Marine, Supply Depot  
  23  2:26  SCV  
  23  2:27  Reaper  
  25  2:38  SCV, Marine  
  27  2:53  Reaper  
  28  3:18  Reaper x2  
  24  3:45  Command Center  
  24  3:55  Command Center  
Show
View Real Time Build Order
Export as new Build Order

qqq Zerg 

Build Orders: Pool Only 

Get SALT Encoding   

  12  0:01  Drone  
  13  0:23  Spawning Pool  
  13  0:26  Drone  
  13  0:30  Drone  
  14  0:44  Overlord  
  14  1:10  Zergling x6  
  17  1:24  Zergling x2  
  18  1:39  Zergling x2  
  19  1:43  Zergling x2  
  20  2:02  Zergling x2  
  21  2:17  Zergling x2  
  10  2:52  Drone x3  
  5  3:37  Drone x3  
Tags
 
Add a new tag
Caveats
  • Supply blocks, unpowered buildings, or Contaminate may cause inaccurate times.
  • Supply counts are checked every 10 seconds.